 Dungeon Crawl Stone Soup version 0.23-a0-550-g7de1f8e (webtiles) character file.

431 Firecrotchwizard the Conjurer (level 6, 0/45 HPs)
             Began as a Draconian Fire Elementalist on Dec 9, 2018.
             Slain by a centaur (5 damage)
             ... on level 5 of the Dungeon.
             The game lasted 00:11:21 (4792 turns).

Firecrotchwizard the Conjurer (DrFE)                Turns: 4792, Time: 00:11:21

Health: 0/45       AC: 14    Str: 11    XL:     6   Next: 66%
Magic:  1/9        EV: 13    Int: 17    God:
Gold:   177        SH:  0    Dex: 11    Spells: 1/9 levels left

rFire    . . .     SeeInvis .   d - +0 dagger (protect)
rCold    . . .     Gourm    .   (no shield)
rNeg     . . .     Faith    .   (armour unavailable)
rPois    +         Spirit   .   (helmet restricted)
rElec    .         Reflect  .   k - +0 cloak
rCorr    .         Harm     .   (no gloves)
MR       .....                  (no boots)
Stlth    ++........             (no amulet)
HPRegen  0.15/turn              j - ring of poison resistance {rPois, !d}
MPRegen  0.11/turn              (no ring)

@: protection aura, very slightly contaminated
A: unfitting armour, cold-blooded, AC +6
a: no special abilities


You were on level 5 of the Dungeon.
You were not hungry.

You visited 1 branch of the dungeon, and saw 5 of its levels.

You collected 177 gold pieces.

Inventory:

Hand Weapons
 d - a +0 dagger of protection (weapon)
   (You took it off a kobold on level 3 of the Dungeon)
 f - a +0 dagger of speed
   (You found it on level 1 of the Dungeon)
Armour
 k - a +0 cloak (worn)
   (You found it on level 2 of the Dungeon)
Jewellery
 j - a ring of poison resistance (left hand) {rPois, !d}
   (You found it on level 1 of the Dungeon)
Scrolls
 a - a scroll of enchant weapon {unknown}
 c - a scroll of enchant armour {unknown}
 e - a scroll of identify
 l - 2 scrolls of remove curse
 n - a scroll of teleportation {unknown}
 p - a scroll of amnesia {unknown}
 r - a scroll of blinking {unknown}
 s - 2 scrolls of fear {unknown}
Potions
 g - 2 potions of mutation {!q}
 h - a potion of heal wounds {unknown}
 i - a potion of flight {unknown}
 o - a potion of curing {unknown}
 t - 2 potions of brilliance
Comestibles
 b - 8 rations


   Skills:
 + Level 3.6 Dodging
 - Level 1.7 Stealth
 - Level 2.0 Spellcasting
 + Level 4.8 Conjurations
 + Level 4.5 Fire Magic


You had one spell level left.
You knew the following spells:

 Your Spells              Type           Power        Failure   Level  Hunger
a - Flame Tongue          Conj/Fire      ###..        2%          1    #......
c - Conjure Flame         Conj/Fire      ###.....     9%          3    ###....
s - Sticky Flame          Conj/Fire      ###.....     28%         4    #####..

Your spell library contained the following spells:

 Spells                   Type           Power        Failure   Level  Hunger
 Confusing Touch          Hex            #.....       19%         1    #......
 Sandblast                Erth           #.....       19%         1    #......
 Throw Flame              Conj/Fire      ###...       4%          2    ###....
 Inner Flame              Hex/Fire       #.......     22%         3    ###....
 Stone Arrow              Conj/Erth      #.....       22%         3    ###....
 Passwall                 Tmut/Erth      #.......     28%         2    ###....
 Confuse                  Hex            #.......     50%         3    ###....
 Gell's Gravitas          Tloc           #.........   50%         3    ###....
 Fireball                 Conj/Fire      ###.......   61%         5    ######.
 Petrify                  Tmut/Erth      #.......     88%         4    #####..
 Lee's Rapid Deconstruct  Erth           #.........   99%         5    ######.
 Metabolic Englaciation   Hex/Ice        #.........   99%         5    ######.
 Yara's Violent Unravell  Hex/Tmut       #.........   99%         5    ######.


Dungeon Overview and Level Annotations

Branches:
Dungeon (5/15)
 Temple: D:4-7

Altars:
Makhleb

Shops:
D:4 (


Innate Abilities, Weirdness & Mutations

Your plain brown scales are hard. (AC +6)
You cannot fit into any form of body armour.
You are cold-blooded and may be slowed by cold attacks.


Message History

You barely miss the crimson imp.
The crimson imp blinks!
The crimson imp barely misses you.
You hit the crimson imp but do no damage.
You tail-slap the crimson imp, but do no damage.
You hit the crimson imp.
The crimson imp hits you but does no damage.
You closely miss the crimson imp.
The crimson imp grinds its teeth.
The crimson imp hits you but does no damage.
You hit the crimson imp.
The crimson imp hits you but does no damage.
You hit the crimson imp. You hit the crimson imp.
You kill the crimson imp!
You start resting.
Health restored: 45 Done exploring.
Done exploring.
(D) Dungeon
Where to? (Enter - D:4, ? - help)
There is a stone staircase leading down here.
You climb downwards.
Found 47 arrows.
Found an escape hatch in the ceiling.
There is a stone staircase leading up here.
Found an escape hatch in the floor.
s - 2 scrolls labeled KINEFE BYORIXU (gained 1)
Found a stone staircase leading down.
You now have 177 gold pieces (gained 9).
Found a stone staircase leading down.
b - 8 rations (gained 1)
A centaur comes into view.
The centaur shouts!
The centaur wields a +0 shortbow.
The centaur shoots an arrow.
The arrow hits you!
The centaur shoots an arrow.
The arrow hits you.
You see here an arrow.
You take 13 damage, and have 32/45 hp.
MASSIVE DAMAGE!!
The centaur unwields a +0 shortbow.
The centaur misses you.
You hit the centaur. The centaur hits you.
You take 6 damage, and have 27/45 hp.
Aim: a centaur (lightly wounded)
The flame tongue hits the centaur.
The centaur closely misses you.
You now have 8/9 mp.
Aim: a centaur (lightly wounded)
You can't place the cloud on a creature.
Aim: a centaur (lightly wounded)
You miscast Sticky Flame.
You are very lightly contaminated with residual magic.
You smell something strange.
The centaur closely misses you. x2
You now have 4/9 mp.
Unknown command.
Aim: a centaur (lightly wounded)
You miscast Sticky Flame.
Smoke pours from your hands! The centaur hits you.
You take 6 damage, and have 21/45 hp.
You now have 0/9 mp.
You hit the centaur but do no damage.
You tail-slap the centaur, but do no damage.
The centaur barely misses you.
You closely miss the centaur. The centaur closely misses you.
You hit the centaur but do no damage.
The centaur hits you but does no damage.
You hit the centaur. The centaur barely misses you.
You barely miss the centaur. The centaur barely misses you.
You hit the centaur but do no damage.
Your tail-slap misses the centaur.
The centaur closely misses you.
You barely miss the centaur. The centaur hits you.
You take 4 damage, and have 18/45 hp.
You closely miss the centaur. The centaur barely misses you.
You hit the centaur. The centaur closely misses you.
You hit the centaur but do no damage.
You tail-slap the centaur, but do no damage.
The centaur hits you.
You take 2 damage, and have 16/45 hp.
Your +0 dagger of protection hums with potential!
d - a +0 dagger of protection (weapon)
The centaur closely misses you.
You hit the centaur but do no damage.
Your weapon exudes an aura of protection.
The centaur hits you.
* * * LOW HITPOINT WARNING * * *
The centaur hits you but does no damage.
You take 5 damage, and have 11/45 hp.
You hit the centaur. The centaur barely misses you.
You hit the centaur. The centaur misses you. The centaur hits you.
* * * LOW HITPOINT WARNING * * *
You take 3 damage, and have 8/45 hp.
You hit the centaur but do no damage. The centaur hits you.
* * * LOW HITPOINT WARNING * * *
You take 3 damage, and have 5/45 hp.
Aim: a centaur (heavily wounded)
The flame tongue misses the centaur.
The centaur hits you but does no damage. x2
You now have 0/9 mp.
You don't have enough magic to cast that spell.
You hit the centaur but do no damage. The centaur closely misses you.
You barely miss the centaur. The centaur barely misses you.
The centaur closely misses you.
You hit the centaur but do no damage. You tail-slap the centaur.
The centaur hits you.
You die...

## .............
####...####.............
.......#................
........................
#.....#............#...
......#.............#
...>................#
..#.................#
......c@............#
..(.....(...........# ..
#..................###..
###...............###...
#.............####....
#......>......##......
#.....(....##.........
#...#.....####........
##.......### ##.......


You could see a centaur.

Vanquished Creatures
  An ogre (D:4)
  A howler monkey (D:4)
  A crimson imp (D:4)
  A jelly (D:4)
  A worker ant (D:4)
  3 gnolls (D:3)
  10 adders
  An ooze (D:3)
  2 worms
  2 dart slugs (D:1)
  4 leopard geckos
  4 orcs
  6 giant cockroaches
  9 goblins
  5 hobgoblins
  10 jackals
  8 kobolds
  2 quokkas
  A ball python skeleton (D:4)
  10 bats
  4 frilled lizards
  A quokka skeleton (D:4)
  6 rats
93 creatures vanquished.

Notes
Turn   | Place    | Note
-------+----------+-------------------------------------------
     0 | D:1      | Firecrotchwizard the Draconian Fire Elementalist began the
                  | quest for the Orb.
     0 | D:1      | Reached XP level 1. HP: 14/14 MP: 3/3
    94 | D:1      | Reached skill level 2 in Dodging
   308 | D:1      | Reached XP level 2. HP: 20/20 MP: 3/5
   709 | D:1      | Reached skill level 2 in Conjurations
  1012 | D:2      | Reached XP level 3. HP: 26/26 MP: 3/6
  1128 | D:2      | Learned a level 3 spell: Conjure Flame
  2027 | D:2      | Found a burning altar of Makhleb.
  2027 | D:2      | Noticed a green death
  2030 | D:2      | Noticed a hellwing
  2030 | D:2      | Noticed an orange demon
  2069 | D:3      | Reached XP level 4. HP: 33/33 MP: 7/7
  2250 | D:3      | Reached skill level 3 in Conjurations
  2688 | D:3      | Reached XP level 5. HP: 34/38 MP: 4/8
  2992 | D:3      | Reached skill level 3 in Dodging
  3013 | D:3      | Reached skill level 4 in Fire Magic
  3274 | D:4      | Learned a level 4 spell: Sticky Flame
  3419 | D:4      | Reached skill level 4 in Conjurations
  3491 | D:4      | Found Efymaa's Weapon Emporium.
  3573 | D:4      | Reached XP level 6. HP: 38/45 MP: 0/9
  4734 | D:5      | Entered Level 5 of the Dungeon
  4785 | D:5      | HP: 11/45 [centaur (5)]
  4788 | D:5      | HP: 5/45 [centaur (3)]
  4792 | D:5      | Slain by a centaur

Vault maps used:
D:1:      scummos_arrival_forest
D:2:      makhleb_altar_promises_db
D:3:      feat_on_display
D:4:      serial_shops, kennysheep_mini, serial_co_window_serial,
          co_window_corner_a, co_window_corner_a, co_window_paths_a,
          co_window_paths_b, co_window_corner_a, co_window_paths_c,
          co_window_2corner, co_window_2corner, co_window_paths_c,
          co_window_broadway_c, co_window_cross_3, co_window_broadway_c,
          glass_columns_b, glass_columns_c
D:5:      grunt_qazlal_clouds, first_ration,
          nicolae_gozag_cash_rules_everything_around_me

Skill      XL: |  1  2  3  4  5 |
---------------+----------------+-----
Dodging        | 2 3 |  3.6
Conjurations   | 2 3 4 |  4.8
Fire Magic     | 4 |  4.5
Stealth        | |  1.7
Spellcasting   | |  2.0

Action                   |  1- 3 |  4- 6 || total
-------------------------+-------+-------++-------
Melee: Unarmed           |    13 |       ||    13
       Tailslap          |     4 |    34 ||    38
       Dagger            |    21 |   412 ||   433
Throw: Javelin           |     2 |    34 ||    36
 Cast: Flame Tongue      |    51 |    73 ||   124
       Conjure Flame     |       |     1 ||     1
       Sticky Flame      |       |     1 ||     1
  Use: Scroll            |       |     4 ||     4
 Stab: Sleeping          |     3 |     1 ||     4
  Eat: Chunk             |     4 |     9 ||    13
       Ration            |       |     1 ||     1
Armor: Skin              |    10 |   150 ||   160
Dodge: Dodged            |    27 |   283 ||   310

Table legend:
 A = Non-vault XP
 B = Vault XP
 C = Vault XP percentage of total XP
 D = Non-vault monster count
 E = Vault monster count
 F = Vault count percentage of total count
                 A         B        C        D         E       F
            +---------+---------+-------+---------+---------+-------
      Total |     616 |       0 |   0.0 |      93 |       0 |   0.0
            +---------+---------+-------+---------+---------+-------
        D:1 |      35 |       0 |   0.0 |      18 |       0 |   0.0
        D:2 |      61 |       0 |   0.0 |      22 |       0 |   0.0
        D:3 |     191 |       0 |   0.0 |      37 |       0 |   0.0
        D:4 |     329 |       0 |   0.0 |      16 |       0 |   0.0
            +---------+---------+-------+---------+---------+-------

Vault maps used:
D:1:      scummos_arrival_forest
D:2:      makhleb_altar_promises_db
D:3:      feat_on_display
D:4:      serial_shops, kennysheep_mini, serial_co_window_serial,
          co_window_corner_a, co_window_corner_a, co_window_paths_a,
          co_window_paths_b, co_window_corner_a, co_window_paths_c,
          co_window_2corner, co_window_2corner, co_window_paths_c,
          co_window_broadway_c, co_window_cross_3, co_window_broadway_c,
          glass_columns_b, glass_columns_c
D:5:      grunt_qazlal_clouds, first_ration,
          nicolae_gozag_cash_rules_everything_around_me

Table legend:
 A = Turns spent in this place as a percentage of turns spent in the entire game.
 B = Non-inter-level travel turns spent in this place as a percentage of non-inter-level travel turns spent in the entire game.
 C = Inter-level travel turns spent in this place as a percentage of turns spent in this place.
 D = Turns resting spent in this place as a percentage of non-inter-level travel turns spent in this place.
 E = Turns spent auto-exploring this place as a percentage of non-inter-level travel turns spent in this place.
 F = Non-inter-level travel turns spent in this place divided by the number of levels of this place that you've seen.
                   A       B       C       D       E      F
               +-------+-------+-------+-------+-------+----------------------
         Total | 100.0 | 100.0 |   3.3 |  28.4 |  49.3 | 926.6
       Dungeon | 100.0 | 100.0 |   3.3 |  28.4 |  49.3 | 926.6
               +-------+-------+-------+-------+-------+----------------------

Table legend:
 A = Kills in this place as a percentage of kills in entire the game.
 B = Kills by you in this place as a percentage of kills by you in the entire game.
 C = Kills by friends in this place as a percentage of kills by friends in the entire game.
 D = Other kills in this place as a percentage of other kills in the entire game.
 E = Experience gained in this place as a percentage of experience gained in the entire game.
 F = Experience gained in this place divided by the number of levels of this place that you have seen.
                   A       B       C       D       E      F
               +-------+-------+-------+-------+-------+----------------------
         Total | 100.0 | 100.0 |   N/A |   N/A | 100.0 | 123.2
       Dungeon | 100.0 | 100.0 |   N/A |   N/A | 100.0 | 123.2
               +-------+-------+-------+-------+-------+----------------------
